 Dungeon Crawl Stone Soup version 0.17-a0-1741-gd5e8965 (webtiles) character file.

261 shakdrar the Covert (level 6, -2/41 HPs)
             Began as an Octopode Assassin on Aug 31, 2015.
             Was an Initiate of Dithmenos.
             Slain by an orc
             ... wielding a +0 short sword
              (6 damage)
             ... on level 4 of the Dungeon.
             The game lasted 00:09:17 (2647 turns).

shakdrar the Covert (Octopode Assassin)             Turns: 2647, Time: 00:09:17

Health: -2/41      AC:  1    Str: 10    XL:     6   Next: 18%
Magic:  6/6        EV: 13    Int: 14    God:    Dithmenos [......]
Gold:   136        SH:  0    Dex: 15    Spells: 0 memorised, 5 levels left

rFire  . . .     SeeInvis .     i - +2 short sword (distort)
rCold  . . .     Clarity  .     (no shield)
rNeg   . . .     SustAt   .     (helmet restricted)
rPois  .         Gourm    .     (no amulet)
rElec  .         Spirit   .     (no ring)
rCorr  .         Warding  .     (no ring)
rMut   .         Stasis   .     (no ring)
MR     .....                    (no ring)
Stlth  ++++++....               (no ring)
                                (no ring)
                                (no ring)
                                (no ring)

@: not resistant to hostile enchantments, very stealthy
A: almost no armour, amphibious, 8 rings, constrict 8, tentacle spike 1,
camouflage 1, gelatinous body 1
a: Renounce Religion


You were on level 4 of the Dungeon.
You worshipped Dithmenos.
Dithmenos was noncommittal.
You were not hungry.

You visited 1 branch of the dungeon, and saw 4 of its levels.

You collected 136 gold pieces.

Inventory:

Hand weapons
 a - a +2 dagger
 b - a +0 blowgun
 f - a +2 dagger of protection
 i - a +2 short sword of distortion (weapon)
Missiles
 c - 24 poisoned needles
 d - 2 curare-tipped needles
Scrolls
 g - 2 scrolls of teleportation
Comestibles
 e - 3 bread rations
 h - 2 meat rations


   Skills:
 + Level 2.8 Fighting
 + Level 2.5 Short Blades
 + Level 2.1 Throwing
 + Level 2.3 Dodging
 + Level 8.7 Stealth


You had 5 spell levels left.
You didn't know any spells.

Dungeon Overview and Level Annotations

Branches:
Dungeon (4/15)
 Temple: D:4-7

Altars:
Dithmenos
Ru


Innate Abilities, Weirdness & Mutations

You cannot wear most types of armour.
You are amphibious.
You can wear up to eight rings at the same time.
You can use your tentacles to constrict eight enemies at once.
Your skin changes colour to match your surroundings (Stealth).
Your rubbery body absorbs attacks (AC +1).
One of your tentacles bears a spike.


Message History

The orc wizard hits you with a dagger.
You hit the orc priest but do no damage.
The orc priest is devoured by a tear in reality.
The orc wizard hits you but does no damage.
The orc barely misses you.
The orc wizard gestures at you while chanting.
The magic dart hits you!
* * * LOW HITPOINT WARNING * * *
Unknown command.
Unknown command.
Unknown command.
The orc wizard hits you with a dagger.
* * * LOW HITPOINT WARNING * * *
The orc closely misses you.
You hit the orc wizard.
The orc wizard looks slightly unstable.
Your grab misses the orc wizard.
You pierce the orc wizard, but do no damage.
The orc wizard is severely wounded.
The orc wizard closely misses you. The orc hits you with a short sword.
You die...

#......#####........
####.......#........
##...##....#######
#......##.##
#?......#..#
#.....).#..
##.......# #...o§§.#
#..@.§..#.#
##..o§§...#
#........#
##........#
##.......# ##...>?.#
#..##.# ### ..


You could see an orc wizard and an orc.

Vanquished Creatures
  Crazy Yiuf (D:2)
  A hound (D:3)
  Terence (D:3)
  Natasha (thrice) (D:3)
  8 adders
  2 worms
  8 orcs (D:3)
  2 hobgoblins
  4 jackals (D:2)
  4 kobolds
  6 bats
  A giant cockroach (D:3)
  4 giant newts
  4 goblins
  2 quokkas (D:3)
  4 rats
  A plant (D:2)
56 creatures vanquished.

Vanquished Creatures (others)
  An orc priest (D:4)
1 creature vanquished.

Grand Total: 57 creatures vanquished

Notes
Turn   | Place    | Note
--------------------------------------------------------------
     0 | D:1      | shakdrar the Octopode Assassin began the quest for the Orb.
     0 | D:1      | Reached XP level 1. HP: 14/14 MP: 1/1
   636 | D:2      | Reached skill level 6 in Stealth
   636 | D:2      | Reached XP level 2. HP: 19/19 MP: 2/2
   692 | D:2      | Reached XP level 3. HP: 17/25 MP: 3/3
   969 | D:2      | Noticed Crazy Yiuf
   975 | D:2      | Killed Crazy Yiuf
   975 | D:2      | Reached XP level 4. HP: 30/30 MP: 4/4
  1489 | D:2      | Reached skill level 7 in Stealth
  1791 | D:3      | Found a sacrificial altar of Ru.
  1791 | D:3      | Noticed Natasha
  1793 | D:3      | Killed Natasha
  1793 | D:3      | Reached XP level 5. HP: 24/35 MP: 5/5
  1975 | D:3      | Noticed Natasha
  1981 | D:3      | Killed Natasha
  1994 | D:3      | Noticed Natasha
  1997 | D:3      | Killed Natasha
  2004 | D:3      | Found a shadowy altar of Dithmenos.
  2014 | D:3      | Became a worshipper of Dithmenos the Shadowed
  2134 | D:3      | Noticed Terence
  2141 | D:3      | Killed Terence
  2312 | D:3      | Gained mutation: One of your tentacles bears a spike. [potion of beneficial mutation]
  2342 | D:3      | Reached skill level 8 in Stealth
  2432 | D:3      | Reached XP level 6. HP: 25/41 MP: 6/6
  2647 | D:4      | Slain by an orc

Vault maps used:
D:1:      ncdulo_lavacross
D:2:      serial_forest, infiniplex_forest_split, infiniplex_forest_pool,
          infiniplex_forest_clump_small, infiniplex_forest_clump_medium,
          infiniplex_forest_straight_2, infiniplex_forest_clump_long,
          infiniplex_forest_lined_3, infiniplex_forest_end_3,
          infiniplex_forest_clump_double, uniq_crazy_yiuf_cottage
D:3:      wad_lake_hut, nicolae_ru_sacrificial_ziggurat,
          nicolae_dithmenos_shadow_blocks, first_bread, uniq_terence,
          uniq_natasha
D:4:      grunt_temple_overflow_order_and_chaos_1, minmay_temple_entry_mist,
          serial_shops, shop_statue, uniq_menkaure, uniq_robin

Action                   |  1- 3 |  4- 6 || total
-------------------------+-------+-------++-------
Melee: Dagger            |    33 |    96 ||   129
       Short sword       |       |     6 ||     6
  Use: Scroll            |     5 |     3 ||     8
       Potion            |     1 |     4 ||     5
 Stab: Sleeping          |     9 |    12 ||    21
       Distracted        |     1 |       ||     1
  Eat: Bread ration      |       |     1 ||     1
       Pizza             |       |     1 ||     1
